 Dungeon Sprint DCSS version 0.21.1-1-g345015f (webtiles) character file.

122 sanboga the Skirmisher (level 5, -3/54 HPs)
             Began as a Gargoyle Monk on Mar 7, 2018.
             Was a Believer of Trog.
             Slain by an orc warrior
             ... wielding a +0 glaive
              (17 damage)
             ... in the Dungeon (Sprint IX: "|||||||||||||||||||||||||||||").
             The game lasted 00:01:12 (331 turns).

sanboga the Skirmisher (Gargoyle Monk)               Turns: 331, Time: 00:01:13

Health: -3/54      AC: 17    Str: 20    XL:     5   Next: 6%
Magic:  5/5        EV:  9    Int: 14    God:    Trog [**....]
Gold:   0          SH:  0    Dex: 12    Spells: 4/4 levels left

rFire    . . .     SeeInvis .   m - +3 war axe (chop)
rCold    . . .     Gourm    .   (no shield)
rNeg     + . .     Faith    .   o - +0 plate armour
rPois    ∞         Spirit   .   (no helmet)
rElec    +         Reflect  .   (no cloak)
rCorr    .         Harm     .   a - +0 pair of gloves
MR       .....     NoTele   +   n - +0 pair of boots
Stlth    ..........             (no amulet)
HPRegen  0.18/turn              q - +3 ring of intelligence
MPRegen  0.09/turn              p - +2 ring of evasion

@: berserking, very quick
A: negative energy resistance 1, electricity resistance, unbreathing,
petrification resistance, rot immunity, AC +4
a: Berserk, Trog's Hand, Burn Spellbooks, Renounce Religion


You were in the Dungeon.
You worshipped Trog.
Trog was pleased with you.
You were not hungry.

You visited 1 branch

Inventory:

Hand Weapons
 m - a +3 war axe of chopping (weapon)
Armour
 a - a +0 pair of gloves (worn)
 n - a +0 pair of boots (worn)
 o - a +0 plate armour (worn)
Jewellery
 p - a +2 ring of evasion (right hand)
 q - a +3 ring of intelligence (left hand)
Wands
 l - a wand of acid (10)
Scrolls
 i - 2 scrolls of blinking
 k - 3 scrolls of remove curse
Potions
 d - 5 potions of curing
 e - 2 potions of heal wounds
 f - a potion of haste
 g - 4 potions of magic
 j - a potion of invisibility
Comestibles
 c - a ration
 h - 6 chunks of flesh


   Skills:
 + Level 6.1 Fighting
 * Level 6.0 Axes
 + Level 3.4 Armour
 - Level 3.6 Dodging
 - Level 4.4 Stealth


You had 4 spell levels left.
You didn't know any spells.

Dungeon Overview and Level Annotations

Branches:
Dungeon (1/1)

Altars:
Cheibriados
Dithmenos
Elyvilon
Fedhas
Gozag
Hepliaklqana
Kikubaaqudgha
Makhleb
Nemelex Xobeh
Okawaru
Qazlal
Ru
Sif Muna
Trog
Uskayaw
Vehumet
Wu Jian
Xom
Yredelemnul
Zin
The Shining One
Beogh
Jiyva
Lugonu


Innate Abilities, Weirdness & Mutations

You are resistant to torment.
Your stone body is resilient. (AC +4)
You are immune to poison.
You resist negative energy. (rN+)
You are resistant to electric shocks. (rElec)
You can survive without breathing.
You are immune to petrification.
You are immune to rotting.


Message History

You slash the ogre!
You kill the ogre!
Trog accepts your kill.
Your Fighting skill gained 2 levels and is now at level 6!
Your Axes skill gained 2 levels and is now at level 6!
Your Armour skill gained 3 levels and is now at level 3!
You have reached level 4!
You feel clever.
You have reached level 5!
You slash the quokka skeleton!
You feel the power of Trog in you as your rage grows.
You destroy the quokka skeleton!
Trog accepts your kill.
The orc warrior hits you but does no damage.
There is an open door to the Dungeon, spattered with blood here.
You see here a giant club.
You slice the orc warrior!!
The orc warrior is almost dead.
The orc warrior hits you with a glaive!
You die...

▓?▓
▓|▓
▓)▓
▓.▓
▓.▓
▓.▓
▓.▓
▓[▓
▓@▓
▓o▓
▓.▓
▓Z▓
▓.▓
▓.▓
▓.▓
▓+▓


You could see an orc warrior and an adder zombie.

Vanquished Creatures
  An ogre (D)
  A gnoll (D)
  2 adders (D)
  2 leopard geckos (D)
  A bat skeleton (D)
  2 giant cockroaches (D)
  A hobgoblin (D)
  2 kobolds (D)
  A quokka skeleton (D)
13 creatures vanquished.

Notes
Turn   | Place    | Note
-------+----------+-------------------------------------------
     0 | D        | sanboga the Gargoyle Monk began the quest for the Orb.
     0 | D        | Reached XP level 1. HP: 14/14 MP: 1/1
    31 | D        | Reached XP level 2. HP: 15/20 MP: 2/2
   133 | D        | Reached XP level 3. HP: 19/24 MP: 3/3
   188 | D        | Found a roughly hewn altar of Beogh.
   188 | D        | Found a snail-covered altar of Cheibriados.
   188 | D        | Found a shadowy altar of Dithmenos.
   188 | D        | Found a white marble altar of Elyvilon.
   188 | D        | Found a blossoming altar of Fedhas.
   188 | D        | Found an opulent altar of Gozag.
   189 | D        | Found a hazy altar of Hepliaklqana.
   190 | D        | Found a viscous altar of Jiyva.
   191 | D        | Found an ancient bone altar of Kikubaaqudgha.
   192 | D        | Found a corrupted altar of Lugonu.
   193 | D        | Found a burning altar of Makhleb.
   194 | D        | Found a sparkling altar of Nemelex Xobeh.
   195 | D        | Found an iron altar of Okawaru.
   196 | D        | Found a stormy altar of Qazlal.
   197 | D        | Found a sacrificial altar of Ru.
   198 | D        | Found a deep blue altar of Sif Muna.
   199 | D        | Found a bloodstained altar of Trog.
   200 | D        | Found a hide-covered altar of Uskayaw.
   201 | D        | Found a radiant altar of Vehumet.
   202 | D        | Found an ornate altar of the Wu Jian Council.
   203 | D        | Found a shimmering altar of Xom.
   204 | D        | Found a basalt altar of Yredelemnul.
   205 | D        | Found a glowing silver altar of Zin.
   206 | D        | Found a glowing golden altar of the Shining One.
   207 | D        | Became a worshipper of Trog the Wrathful
   207 | D        | Reached * piety under Trog
   207 | D        | Reached ** piety under Trog
   318 | D        | Noticed an ogre
   318 | D        | Noticed an orc warrior
   318 | D        | Noticed a vampire
   328 | D        | Killed an ogre
   328 | D        | Reached XP level 4. HP: 12/32 MP: 4/4
   328 | D        | Reached XP level 5. HP: 13/36 MP: 5/5
   331 | D        | Slain by an orc warrior

Skill      XL: |  1  2  3 |
---------------+----------+-----
Axes           | 3 6 |  6.0
Stealth        | 3 4 |  4.4
Fighting       | 4 6 |  6.1
Dodging        | 3 |  3.6
Armour         | 3 |  3.4

Action                   |  1- 3 |  4- 6 || total
-------------------------+-------+-------++-------
Melee: Hand axe          |    50 |       ||    50
       War axe           |     8 |     2 ||    10
Invok: Berserk           |     1 |       ||     1
  Use: Potion            |     2 |       ||     2
Armor: Robe              |    17 |       ||    17
       Plate armour      |     3 |     1 ||     4
Dodge: Dodged            |    37 |       ||    37
